 Dungeon Crawl Stone Soup version 0.30.1-8-g117510f58f (webtiles) character file.

Game seed: 8377422379448201862

178506 Ivernyr the Fencer (level 18, 0/101 HPs)
             Began as a Vine Stalker Gladiator on Sept 21, 2023.
             Was a High Priest of Wu Jian.
             Killed from afar by a deep elf sorcerer (20 damage)
             ... with a bolt of acid
             ... on level 3 of the Elven Halls on Sept 22, 2023.
             The game lasted 01:51:28 (21521 turns).

Ivernyr the Fencer (Vine Stalker Gladiator)        Turns: 21521, Time: 01:51:31

Health: 0/101      AC: 13    Str: 18    XL:     18   Next: 20%
Magic:  0/19       EV: 31    Int:  8    God:    Wu Jian [*****.]
Gold:   2328       SH: 16    Dex: 32    Spells: 17/17 levels left

rFire   + . .        A - +10 falchion "Mihiq" {flame, Will+ Dex+3}
rCold   + . .        Y - +2 kite shield
rNeg    . . .        b - +0 steam dragon scales
rPois   .            q - +2 helmet {SInv}
rElec   .            i - scarf {rC+ rF+}
rCorr   .            y - +0 pair of gloves
SInv    +            l - +0 pair of boots
Will    +++..        (no amulet)
Stlth   ++           g - +5 ring of evasion
HPRegen 1.16/turn    X - +6 ring of dexterity
MPRegen 0.16/turn

%: guardian spirit
@: exhausted
A: fangs 3, regeneration 1, magic shield, antimagic bite, no potion heal 2
a: Renounce Religion, Wall Jump, Serpent's Lash, Heavenly Storm


You were on level 3 of the Elven Halls.
You worshipped Wu Jian.
Wu Jian was extremely pleased with you.
You visited 5 branches of the dungeon, and saw 26 of its levels.
You also visited: Gauntlet.

You collected 3115 gold pieces.
You spent 787 gold pieces at shops.

Inventory:

Hand Weapons
 A - the +10 falchion "Mihiq" (weapon) {flame, Will+ Dex+3}
   (You bought it in a shop on level 3 of the Dungeon)

   Dex:       It affects your dexterity (+3).
   Will:      It increases your willpower.
 G - the +8 arc blade {discharge, rElec}
   (You found it in a Gauntlet)

   rElec:     It insulates you from electricity.
 R - a +2 triple sword of holy wrath
Missiles
 d - 5 throwing nets (quivered)
 e - 5 javelins
 z - 9 silver javelins
Armour
 b - +0 steam dragon scales (worn)
 i - a scarf of resistance (worn)
 l - a +0 pair of boots (worn)
 q - a +2 helmet of see invisible (worn)
 y - a +0 pair of gloves (worn)
 Y - a +2 kite shield (worn)
Jewellery
 c - a ring of magical power
 g - a +5 ring of evasion (left hand)
 h - a ring of see invisible
 D - the ring "Zaos" {Wiz Drain rPois rF+ Int+4}
   (You found it in a Gauntlet)

   [ring of wizardry]

   It improves your spell success rate.
   Int:       It affects your intelligence (+4).
   rF:        It protects you from fire.
   rPois:     It protects you from poison.
   Drain:     It drains your maximum health when unequipped.
 W - a ring of protection from fire
 X - a +6 ring of dexterity (right hand)
Wands
 a - a wand of polymorph (34)
 s - a wand of flame (12)
 x - a wand of roots (18)
 B - a wand of digging (15)
 L - a wand of mindburst (17)
 O - a wand of charming (26)
 S - a wand of light (12)
Scrolls
 f - 3 scrolls of fear
 j - 3 scrolls of enchant weapon
 n - 3 scrolls of butterflies
 o - a scroll of magic mapping
 r - 9 scrolls of amnesia
 t - 5 scrolls of enchant armour
 u - a scroll of silence
 H - 4 scrolls of brand weapon
 J - 4 scrolls of fog
 M - 3 scrolls of identify
 T - 3 scrolls of blinking
 V - 7 scrolls of teleportation
Potions
 k - 12 potions of curing
 m - 2 potions of brilliance
 p - 5 potions of might
 v - 6 potions of flight
 C - 4 potions of cancellation
 E - 3 potions of mutation
 I - 4 potions of magic
 Q - 4 potions of berserk rage
 U - 3 potions of resistance
 Z - a potion of haste


   Skills:
 + Level 13.8 Fighting
 * Level 19.0 Long Blades
 - Level 1.7 Throwing
 + Level 10.7 Armour
 + Level 12.8 Dodging
 - Level 7.1 Shields


You had 17 spell levels left.
You didn't know any spells.
Your spell library contained the following spells:

 Spells                   Type           Power      Damage    Failure   Level
 Necrotise                Necr           0%         1d4       69%         1
 Sting                    Tmut/Pois      0%         1d3       69%         1
 Blink                    Tloc           0%         N/A       83%         2
 Lesser Beckoning         Tloc           0%         N/A       83%         2
 Momentum Strike          Conj/Tloc      0%         3d8       83%         2
 Poisonous Vapours        Pois/Air       0%         N/A       83%         2
 Scorch                   Fire           0%         2d5       83%         2
 Dazzling Flash           Conj/Hex       0%         N/A       96%         3
 Gell's Gravitas          Tloc           0%         N/A       96%         3
 Inner Flame              Hex/Fire       0%         N/A       96%         3
 Teleport Other           Tloc           0%         N/A       96%         3
 Tukima's Dance           Hex            0%         N/A       96%         3
 Vampiric Draining        Necr           0%         2d6       96%         3
 Vhi's Electric Charge    Tloc/Air       0%         N/A       96%         3
 Volatile Blastmotes      Fire/Tloc      0%         2d10      96%         3
 Flame Wave               Conj/Fire      0%         2d4       100%        4
 Iskenderun's Mystic Bla  Conj/Tloc      0%         2d3       100%        4
 Manifold Assault         Tloc           0%         N/A       100%        4
 Olgreb's Toxic Radiance  Pois           0%         N/A       100%        4
 Passage of Golubria      Tloc           0%         N/A       100%        4
 Agony                    Necr           0%         N/A       100%        5
 Arcjolt                  Conj/Air       0%         1d10      100%        5
 Silence                  Hex/Air        0%         N/A       100%        5
 Yara's Violent Unravell  Hex/Tmut       0%         3d3       100%        5
 Dispersal                Tloc           0%         N/A       100%        6
 Plasma Beam              Fire/Air       0%         2x1d11    100%        6
 Simulacrum               Ice/Necr       0%         N/A       100%        6
 Starburst                Conj/Fire      0%         6d3       100%        6
 Summon Cactus Giant      Summ           0%         N/A       100%        6
 Enfeeble                 Hex            0%         N/A       100%        7
 Ozocubu's Refrigeration  Ice            0%         4d7       100%        7
 Disjunction              Tloc           0%         N/A       100%        8
 Maxwell's Capacitive Co  Air            0%         ∞         100%        8
 Polar Vortex             Ice            0%         N/A       100%        9


Dungeon Overview and Level Annotations

Branches:
Dungeon (15/15)            Temple (1/1) D:5            Lair (5/5) D:8
  Swamp (0/4) Lair:3        Snake (0/4) Lair:3        Slime (0/5) Lair:4
    Orc (2/2) D:10            Elf (3/3) Orc:2        Vaults (0/5) D:14
 Depths (0/4) D:15        Gauntlet (visited)

Altars:
Cheibriados
Dithmenos
Elyvilon
Fedhas
Gozag
Hepliaklqana
Kikubaaqudgha
Makhleb
Nemelex Xobeh
Okawaru
Qazlal
Ru
Sif Muna
Trog
Uskayaw
Vehumet
Wu Jian
Xom
Yredelemnul
The Shining One
Jiyva

Shops:
D:2 !   D:3 (   D:4 *   D:8 :   D:13 (   Orc:2 =(*[   Elf:2 [   Elf:3 (

Annotations:
Lair:3 1 runed translucent door, P0WERM0DE's ghost, journeyman TeIE
Elf:1 1 runed translucent door, Seven7's ghost, journeyman MiFi


Innate Abilities, Weirdness & Mutations

You have razor-sharp teeth.
Your natural rate of healing is unusually fast.
When hurt, damage is shared between your health and your magic reserves.
Your bite disrupts and absorbs the magic of your enemies.
Potions cannot restore your health.


Message History

You hit the deep elf master archer but do no damage.
The deep elf master archer is heavily wounded.
The deep elf master archer shoots an arrow.
You block the arrow.
Unknown command.
You slice the deep elf master archer!! You burn the deep elf master archer.
You bite the deep elf master archer. You drain its power.
You feel invigorated.
The deep elf master archer is almost dead.
The deep elf master archer shoots an arrow.
You block the arrow.
The deep elf master archer shoots an arrow.
The arrow completely misses you.
You slice the deep elf master archer!! You burn the deep elf master archer.
You kill the deep elf master archer!
The Council accepts your kill.
The deep elf sorcerer points at you and mumbles some strange words.
The sphere of damnation explodes!
The damnation engulfs you!!
* * * LOW HITPOINT WARNING * * *
An earth elemental comes into view.
The deep elf demonologist shouts!
You hear a shout! x7
Your muscles tense, ready for explosive movement...
Your supernatural speed expires.
The deep elf sorcerer gestures at you while chanting.
The bolt of acid misses you.
The deep elf sorcerer gestures at you while chanting.
The bolt of acid hits you!!
* * * LOW HITPOINT WARNING * * *
The deep elf sorcerer points at you and mumbles some strange words.
The bolt of acid misses you.
Things that are here:
a +0 long sword; a +0 leather armour; an elf corpse
There is an open door, spattered with blood here.
Items here: )) [ †.
You closely miss the deep elf sorcerer. You bite the deep elf sorcerer.
The deep elf sorcerer's magic leaks into the air.
You drain its magic.
You feel invigorated.
The deep elf sorcerer is lightly wounded.
The deep elf sorcerer gestures at you while chanting.
The bolt of acid hits you!!
You die...

#e.###...# ## #.## ##.## ##.
######.# ## ##.# #......## ##.##
##.......## #########.##
##..).....)## ##.##...#'##
##......)....######.........#
#..............#).....[.....####
#...........).e@.)..'..[.)..'...
#..............#....#.......####
#.............#######.......#
#...#.........# ###...###
##.^.........## #####
##.∩.#....[## #........#[##
#.#..<..###[## # #...##'## ##)##
##


You could see a deep elf sorcerer (fast, magic disrupted).

Vanquished Creatures
  3 deep elf blademasters
  A deep elf master archer (Elf:3)
  A frost giant (D:15)
  4 deep elf sorcerers
  An orc warlord (D:10)
  3 deep elf elementalists (Elf:3)
  A reaper (Gauntlet)
  3 deep elf demonologists (Elf:3)
  A minotaur (Gauntlet)
  3 deep elf annihilators
  7 deep elf death magi (Elf:3)
  A fire dragon (Lair:5)
  3 deep elf high priests
  Harold (D:10)
  7 centaur warriors
  A hydra (Lair:5)
  Erolcha (Orc:2)
  A boulder beetle (Lair:2)
  An ogre mage (D:14)
  32 dancing weapons
  7 two-headed ogres
  Urug (Lair:1)
  4 tengu warriors
  An orc high priest (Orc:2)
  20 deep elf knights
  A soul eater (Gauntlet)
  Sonja (Orc:2)
  3 skeletal warriors (D:13)
  A skyshark (Lair:4)
  Lodul (D:11)
  13 deep elf archers
  3 lindwurms
  Pikel (D:5)
  34 deep elf zephyrmancers
  28 deep elf pyromancers
  2 orc knights
  2 wizards
  7 ugly things
  6 orc sorcerers
  2 wolf spiders (Lair:5)
  6 cyclopes
  2 manticores
  A guardian serpent (Lair:5)
  Joseph (D:10)
  8 elephants (Lair:5)
  A black mamba (shapeshifter) (Elf:1)
  9 torpor snails
  Maurice (D:10)
  A gargoyle (D:13)
  13 black mambas
  A yaktaur (shapeshifter) (D:13)
  A torpor snail (shapeshifter) (Elf:1)
  2 unseen horrors (D:12)
  Maggie (Lair:1)
  16 cane toads
  A rime drake (Lair:2)
  4 yaktaurs (D:14)
  2 kobold demonologists
  8 komodo dragons
  3 tengu conjurers
  4 tyrant leeches (Lair:5)
  5 trolls
  3 polar bears
  9 hornets (Lair:5)
  Prince Ribbit (D:5)
  10 blink frogs
  9 dream sheep (Lair:4)
  17 slime creatures
  Sigmund (D:6)
  A centaur simulacrum (D:15)
  2 shadows
  68 yaks
  A vampire (D:10)
  2 air elementals (Elf:2)
  17 wyverns
  3 wraiths
  4 water elementals
  A yak (shapeshifter) (D:13)
  Eustachio (D:5)
  3 fire elementals
  A redback (Lair:5)
  2 basilisks
  3 steam dragons
  Grum (D:10)
  12 vampire mosquitoes
  Menkaure (D:6)
  2 wargs (Orc:2)
  3 nagas (Lair:3)
  An acid dragon (D:14)
  A water moccasin (shapeshifter) (D:14)
  25 water moccasins
  3 sky beasts
  22 orc warriors
  2 black bears
  16 ogres
  11 wolves
  15 centaurs
  8 kobold brigands
  7 bullfrogs
  2 earth elementals
  A gnoll sergeant (D:8)
  2 scorpions
  9 wights
  5 killer bees (D:9)
  A howler monkey (D:10)
  2 electric eels
  A hound (D:4)
  A jelly (D:6)
  Crazy Yiuf (D:5)
  2 gnoll boudas
  20 orc priests
  2 iguanas (D:5)
  2 sleepcaps
  29 orc wizards
  16 gnolls
  10 adders
  7 shadow imps (Gauntlet)
  2 white imps (Gauntlet)
  4 worms
  2 dart slugs
  81 orcs
  10 ball pythons
  7 bats
  6 endoplasms
  5 giant cockroaches
  2 goblins
  3 hobgoblins
  A jackal (D:2)
  13 kobolds
  3 quokkas
  A frilled lizard (D:2)
  7 rats
854 creatures vanquished.

Vanquished Creatures (others)
  A dancing weapon (Elf:1)
  A deep elf knight (Elf:3)
  A wizard (Gauntlet)
  A shadow imp (Gauntlet)
4 creatures vanquished.

Grand Total: 858 creatures vanquished

Notes
Turn   | Place    | Note
-------+----------+-------------------------------------------
     0 | D:1      | Ivernyr the Vine Stalker Gladiator began the quest for the
                  | Orb.
     0 | D:1      | Reached XP level 1. HP: 11/11 MP: 2/2
    29 | D:1      | Reached skill level 3 in Long Blades
    29 | D:1      | Reached XP level 2. HP: 9/15 MP: 1/3
   294 | D:1      | Reached XP level 3. HP: 18/18 MP: 4/4
   791 | D:2      | Found Liejaw's Distillery.
  1090 | D:2      | Reached skill level 1 in Armour
  1125 | D:2      | Gained mutation: Your natural rate of healing is unusually
                  | fast. [Vine Stalker growth]
  1125 | D:2      | Reached XP level 4. HP: 23/23 MP: 5/5
  1386 | D:2      | Reached XP level 5. HP: 24/27 MP: 4/6
  1461 | D:2      | Found a faded altar of an unknown god.
  1802 | D:3      | Found Fakoest's Antique Weapon Emporium.
  2304 | D:4      | Noticed a sky beast
  2327 | D:4      | Killed a sky beast
  2328 | D:4      | Reached skill level 4 in Long Blades
  2328 | D:4      | Reached XP level 6. HP: 32/32 MP: 7/7
  2590 | D:4      | Found Puim's Assorted Antiques.
  2663 | D:4      | Reached XP level 7. HP: 36/36 MP: 8/8
  2685 | D:4      | Reached skill level 5 in Long Blades
  2714 | D:4      | Found a glowing golden altar of the Shining One.
  2956 | D:3      | Bought a jewelled falchion for 216 gold pieces
  2956 | D:3      | Identified the +10 falchion "Mihiq" {flame, Will+ Dex+3}
                  | (You bought it in a shop on level 3 of the Dungeon)
  3228 | D:5      | Entered Level 5 of the Dungeon
  3260 | D:5      | Noticed Prince Ribbit
  3279 | D:5      | Killed Prince Ribbit
  3299 | D:5      | Found a snail-covered altar of Cheibriados.
  3323 | D:5      | Found a staircase to the Ecumenical Temple.
  3339 | Temple   | Entered the Ecumenical Temple
  3367 | Temple   | Became a worshipper of the Wu Jian Council
  3471 | D:5      | Found a bloodstained altar of Trog.
  3474 | D:5      | Gained mutation: You have razor-sharp teeth. [Vine Stalker
                  | growth]
  3474 | D:5      | Reached XP level 8. HP: 41/42 MP: 9/9
  3588 | D:5      | Found a runed translucent door.
  3589 | D:5      | Noticed Crazy Yiuf
  3607 | D:5      | Reached skill level 6 in Long Blades
  3608 | D:5      | Noticed Eustachio
  3616 | D:5      | Killed Eustachio
  3628 | D:5      | Noticed Pikel
  3653 | D:5      | Killed Pikel
  3683 | D:5      | Killed Crazy Yiuf
  3870 | D:5      | Reached skill level 7 in Long Blades
  3874 | D:5      | Reached XP level 9. HP: 46/46 MP: 10/10
  3955 | D:5      | Reached * piety under Wu Jian
  4021 | D:6      | Noticed Menkaure
  4037 | D:5      | Reached skill level 5 in Fighting
  4080 | D:6      | Killed Menkaure
  4081 | D:6      | Reached skill level 5 in Dodging
  4168 | D:6      | Noticed Sigmund
  4176 | D:6      | Killed Sigmund
  4383 | D:6      | Found an ancient bone altar of Kikubaaqudgha.
  4443 | D:6      | Found an opulent altar of Gozag.
  4445 | D:6      | Found a shimmering altar of Xom.
  4445 | D:6      | Found an ancient bone altar of Kikubaaqudgha.
  4447 | D:6      | Found a snail-covered altar of Cheibriados.
  4447 | D:6      | Found a shimmering blue altar of Sif Muna.
  4447 | D:6      | Found a basalt altar of Yredelemnul.
  4621 | D:7      | Reached skill level 8 in Long Blades
  4772 | D:7      | Noticed a two-headed ogre
  4787 | D:7      | Killed a two-headed ogre
  4788 | D:7      | Reached skill level 5 in Armour
  4788 | D:7      | Reached XP level 10. HP: 53/53 MP: 11/11
  4881 | D:7      | Noticed a cyclops
  4897 | D:7      | Killed a cyclops
  4982 | D:7      | Reached skill level 9 in Long Blades
  5139 | D:8      | Reached ** piety under Wu Jian
  5316 | D:8      | Found a staircase to the Lair.
  5565 | D:8      | Found Lycu's Book Shop.
  5885 | D:9      | Identified the +0 robe "Devung" {+Blink Archmagi}
  5895 | D:9      | Found a blossoming altar of Fedhas.
  6012 | D:9      | Found a hazy altar of Hepliaklqana.
  6012 | D:9      | Found a stormy altar of Qazlal.
  6013 | D:9      | Found a sparkling altar of Nemelex Xobeh.
  6016 | D:9      | Found an opulent altar of Gozag.
  6082 | Lair:1   | Entered Level 1 of the Lair of Beasts
  6084 | Lair:1   | Noticed Maggie
  6103 | Lair:1   | Killed Maggie
  6103 | Lair:1   | Reached *** piety under Wu Jian
  6114 | Lair:1   | Noticed a black mamba
  6120 | Lair:1   | Killed a black mamba
  6121 | Lair:1   | Reached skill level 10 in Long Blades
  6121 | Lair:1   | Reached XP level 11. HP: 48/58 MP: 12/12
  6634 | Lair:1   | Noticed Urug
  6642 | Lair:1   | Killed Urug
  6643 | Lair:1   | Reached skill level 11 in Long Blades
  7025 | Lair:2   | Noticed a boulder beetle
  7039 | Lair:2   | Killed a boulder beetle
  7039 | Lair:2   | Reached **** piety under Wu Jian
  7040 | Lair:2   | Reached XP level 12. HP: 64/64 MP: 13/13
  7766 | Lair:3   | Found a staircase to the Snake Pit.
  7858 | Lair:3   | Reached skill level 12 in Long Blades
  7871 | Lair:3   | Found a staircase to the Swamp.
  8062 | Lair:3   | Found a runed translucent door.
  8062 | Lair:3   | Found a shimmering altar of Xom.
  8062 | Lair:3   | Noticed P0WERM0DE's ghost (journeyman TeIE)
  8849 | Lair:4   | Found a viscous altar of Jiyva.
  8849 | Lair:4   | Found a staircase to the Slime Pits.
  9073 | Lair:5   | Entered Level 5 of the Lair of Beasts
  9139 | Lair:5   | Reached XP level 13. HP: 63/70 MP: 12/14
  9170 | Lair:4   | Reached ***** piety under Wu Jian
  9175 | Lair:4   | Reached skill level 13 in Long Blades
  9598 | Lair:5   | Found a snail-covered altar of Cheibriados.
  9725 | Lair:5   | Reached skill level 10 in Fighting
  9805 | Lair:5   | Reached skill level 14 in Long Blades
  9960 | Lair:5   | Reached XP level 14. HP: 77/77 MP: 15/15
 10326 | Lair:5   | Found a runed translucent door.
 11099 | D:10     | Entered Level 10 of the Dungeon
 11150 | D:10     | Noticed Joseph
 11160 | D:10     | Killed Joseph
 11201 | D:10     | Reached skill level 10 in Dodging
 11203 | D:10     | Noticed Harold
 11225 | D:10     | Killed Harold
 11331 | D:10     | Noticed Grum
 11343 | D:10     | Noticed Maurice
 11360 | D:10     | Killed Maurice
 11363 | D:10     | Killed Grum
 11682 | D:10     | Found a staircase to the Orcish Mines.
 11688 | Orc:1    | Entered Level 1 of the Orcish Mines
 11753 | Orc:1    | Noticed an orc warlord
 11922 | D:11     | Reached skill level 15 in Long Blades
 12096 | D:11     | Noticed Lodul
 12110 | D:11     | Killed Lodul
 12131 | D:11     | Reached ****** piety under Wu Jian
 12604 | D:10     | Killed an orc warlord
 13128 | Orc:1    | Found a shimmering blue altar of Sif Muna.
 13255 | Orc:2    | Entered Level 2 of the Orcish Mines
 13262 | Orc:2    | Found a staircase to the Elven Halls.
 13459 | Orc:2    | Noticed Erolcha
 13462 | Orc:2    | Noticed Sonja
 13467 | Orc:2    | Killed Erolcha
 13468 | Orc:2    | Reached skill level 10 in Armour
 13468 | Orc:2    | Reached XP level 15. HP: 66/82 MP: 12/16
 13472 | Orc:2    | Killed Sonja
 13549 | Orc:2    | Found Faenn's Weapon Emporium.
 13549 | Orc:2    | Found Itwukkosk's Antique Armour Shoppe.
 13550 | Orc:2    | Found Tiqewka's General Store.
 13553 | Orc:2    | Found Veiskytz's Jewellery Emporium.
 13566 | Orc:2    | Bought a spiked ring mail for 270 gold pieces
 13566 | Orc:2    | Identified the +4 ring mail of the Volcano {rC++ Will+
                  | rCorr Dex-4} (You bought it in a shop on level 2 of the
                  | Orcish Mines)
 13720 | D:12     | Found a glowing golden altar of the Shining One.
 13798 | D:12     | Found a gate leading to a gauntlet.
 13804 | D:12     | Identified the +1 quarterstaff "Gung" {flame, rN+}
 13815 | Gauntlet | Entered a Gauntlet
 13815 | Gauntlet | Found a transporter.
 13815 | Gauntlet | Found a transporter.
 13815 | Gauntlet | Found a transporter.
 13816 | Gauntlet | Upgraded the game from 0.30.1-6-gbe392663c4 to
                  | 0.30.1-8-g117510f58f
 13818 | Gauntlet | Found a transporter.
 13819 | Gauntlet | Found a transporter.
 13819 | Gauntlet | Found a transporter.
 13839 | Gauntlet | Found the +8 arc blade {discharge, rElec}
 13840 | Gauntlet | Found a transporter.
 13840 | Gauntlet | Found a transporter.
 13843 | Gauntlet | Found a transporter.
 13843 | Gauntlet | Found a transporter.
 13873 | Gauntlet | Found a transporter.
 13881 | Gauntlet | Found a transporter.
 14016 | Gauntlet | Identified the ring "Zaos" {Wiz Drain rPois rF+ Int+4}
 14278 | D:12     | You fall into a shaft and drop 3 floors!
 14278 | D:15     | Entered Level 15 of the Dungeon
 14510 | D:13     | Found Leemus's Weapon Boutique.
 14965 | D:13     | Reached skill level 1 in Shields
 15001 | D:13     | Reached skill level 16 in Long Blades
 16280 | D:14     | Found a gate to the Vaults.
 16325 | D:14     | Found a shadowy altar of Dithmenos.
 16732 | D:15     | Reached XP level 16. HP: 88/88 MP: 17/17
 17194 | D:15     | Found a staircase to the Depths.
 17215 | D:15     | HP: 2/88 [frost giant/bolt of cold (10)]
 17620 | Elf:1    | Entered Level 1 of the Elven Halls
 17711 | Elf:1    | Reached skill level 17 in Long Blades
 17952 | Elf:1    | Found a runed translucent door.
 17952 | Elf:1    | Noticed Seven7's ghost (journeyman MiFi)
 18053 | Elf:1    | Reached skill level 5 in Shields
 18352 | Elf:1    | Identified a scroll of acquirement
 18353 | Elf:1    | Acquired a +2 triple sword of holy wrath
 18643 | Elf:2    | Found Begoob's Armour Shop.
 18655 | Elf:2    | Reached XP level 17. HP: 92/94 MP: 18/18
 18659 | Elf:2    | Bought a +2 helmet of see invisible for 301 gold pieces
 18796 | Elf:1    | Reached skill level 18 in Long Blades
 19268 | Elf:2    | Found a huge runed translucent gate.
 19268 | Elf:2    | Found a huge runed translucent gate.
 19268 | Elf:2    | Found a huge runed translucent gate.
 19268 | Elf:2    | Found a huge runed translucent gate.
 19269 | Elf:2    | Found a huge runed translucent gate.
 19542 | Elf:2    | Noticed a deep elf blademaster
 19552 | Elf:2    | Killed a deep elf blademaster
 20105 | Elf:3    | Entered Level 3 of the Elven Halls
 20285 | Elf:3    | Found Cocuecurgh's Weapon Boutique.
 20397 | Elf:3    | Found a radiant altar of Vehumet.
 20646 | Elf:3    | Noticed a deep elf blademaster
 20647 | Elf:3    | Noticed a deep elf blademaster
 20718 | Elf:2    | Killed a deep elf blademaster
 20927 | Elf:3    | Noticed an Ice Fiend
 21052 | Elf:3    | Noticed an Ice Fiend
 21225 | Elf:3    | Reached XP level 18. HP: 100/100 MP: 19/19
 21378 | Elf:3    | Killed a deep elf blademaster
 21458 | Elf:3    | Reached skill level 19 in Long Blades
 21494 | Elf:3    | Noticed a deep elf master archer
 21502 | Elf:3    | Identified the +0 leather armour "Muac Turao" {Regen+ rCorr
                  | Int-5}
 21506 | Elf:3    | Killed a deep elf master archer
 21521 | Elf:3    | Killed from afar by a deep elf sorcerer

Illustrated notes

Levels and vault maps discovered:
D:1:      ebering_hopf_link, layout_basic, minmay_heptomino_o4
D:2:      layout_loops_ring, shapermc_ecumenical_altar_mp_highgroup,
          serial_shops, nicolae_shop_waterfront, serial_park_tiny_1,
          ebering_dispersal_statue_hall, grunt_decor_arrowhead,
          nicolae_concentric_dashed_squares_wild, st_stairs_11, fountainhead,
          minmay_misc_feat_diagonals, minmay_misc_feat_encased,
          minmay_pentomino_pile
D:3:      layout_rooms, serial_shops, shop
D:4:      layout_basic, mainiacjoe_overflow_catwalk, serial_glass,
          glass_columns_a, glass_columns_b, glass_columns_a, glass_columns_a,
          glass_columns_b, glass_columns_b, serial_shops,
          nicolae_inconvenience_store, kennysheep_opposing_triangles
D:5:      layout_cave_pools, lemuel_crystal_altar, cheibrodos_worm_habitat,
          minmay_temple_entry_drinking_statues, uniq_prince_ribbit1, uniq_pikel,
          uniq_eustachio, uniq_crazy_yiuf_cottage
D:6:      layout_cave_pools, doesnt_xom_only_xom, kennysheep_mini_moat,
          uniq_menkaure, uniq_sigmund
D:7:      layout_basic, kennysheep_nub
D:8:      layout_basic, lair_entry_dummy, serial_shops, shop
D:9:      layout_big_octagon, nicolae_overflow_hidden_temple, minitemple
D:10:     layout_small_grid, orc_0_dummy, serial_glass, glass_columns_a,
          glass_columns_c, uniq_grum, uniq_joseph, uniq_harold, uniq_maurice
D:11:     layout_loops_ring, uniq_lodul
D:12:     layout_rooms, gauntlet_entry_generic, minmay_misc_feat_five,
          tso_metal_star
D:13:     layout_gridville, serial_shops, nicolae_shop_mannequins,
          nicolae_lava_and_water
D:14:     layout_loops_cross, hangedman_vaults_entry_quadrant_bands,
          nicolae_dithmenos_shadow_blocks, grunt_decor_clamped
D:15:     grunt_enter_depths_snipers, layout_gridville,
          chequers_serial_rivers_small_b
Temple:   nicolae_temple_godzebo
Lair:1:   layout_chaotic_city, uniq_maggie, uniq_urug
Lair:2:   layout_misc_corridors, grunt_megastairs_3
Lair:3:   layout_cellular_growth, minmay_swamp_entry_swarm,
          nicolae_snake_entry_squirm, ebering_ghost_xom
Lair:4:   layout_regular_city, dpeg_slime_entry_enclosed
Lair:5:   wormcave, layout_gridlike, hangedman_lair_tendril_chambers,
          dreamdust_mushroom_princess, kennysheep_snail_temple
Orc:1:    layout_caves, kennysheep_orc_sif_temple
Orc:2:    st_orc_mages, layout_caves, uniq_sonja, uniq_erolcha
Elf:1:    minmay_elf_arrival_summoners, layout_rooms, gammafunk_ghost_grave,
          hangedman_elven_crosses_minicolossus, st_stairs_4,
          corexii_checkpoint_b
Elf:2:    elven_hall_of_blades_hangedman_alternative [nicolae_blade_lattice],
          layout_loops_ring, serial_shops, shop, minivault_28
Elf:3:    elf_hall, layout_geoelf_grid, basic_altar, serial_shops,
          nicolae_shop_stone

Skill      XL: |  1  2  3  4  5  6  7  8  9 10 11 12 13 14 15 16 17 18 |
---------------+-------------------------------------------------------+-----
Fighting       | 2 3 4 5 6 8 9 10 11 12 13 | 13.8
Long Blades    | 3 4 5 7 8 10 11 12 14 15 16 17 18 19 | 19.0
Armour         | 1 2 3 5 6 7 8 9 10 | 10.7
Dodging        | 3 4 5 6 7 8 9 10 11 12 | 12.8
Shields        | 3 5 7 |  7.1
Throwing       | |  1.7

Action                     |  1- 3 |  4- 6 |  7- 9 | 10-12 | 13-15 | 16-18 || total
---------------------------+-------+-------+-------+-------+-------+-------++-------
  Melee: Long sword        |    63 |   150 |    12 |       |       |       ||   225
         Bite              |    15 |    43 |    49 |   157 |   516 |   346 ||  1126
         Falchion          |       |       |   144 |   479 |  1384 |   849 ||  2856
         Punch             |       |       |     1 |     2 |    17 |     1 ||    21
         Triple sword      |       |       |       |       |       |     6 ||     6
 Invoke: Serpent's Lash    |       |       |       |     1 |    17 |    18 ||    36
         Heavenly Storm    |       |       |       |       |     1 |     2 ||     3
Ability: Lunge             |       |       |    10 |    34 |    98 |    70 ||   212
         Whirlwind         |       |       |     5 |   137 |   323 |   200 ||   665
         Wall Jump         |       |       |       |       |       |     1 ||     1
    Use: Scroll            |       |       |       |       |    27 |    11 ||    38
         Potion            |       |       |       |       |       |     1 ||     1
   Stab: Sleeping          |       |     2 |     2 |     2 |     7 |     5 ||    18
         Distracted        |       |       |       |       |     6 |     1 ||     7
 Armour: Leather armour    |    12 |    34 |    24 |       |       |       ||    70
         Steam dragon scal |       |       |       |    28 |   147 |    51 ||   226
  Dodge: Dodged            |    46 |   165 |   133 |   329 |  1007 |   362 ||  2042
  Block: Kite shield       |       |       |       |       |       |   302 ||   302
